 Dungeon Crawl Stone Soup version 0.17-a0-587-g4707e02 (console) character file.

45323 Fusha the Brawler (level 14, 124/124 HPs)
             Began as a Ghoul Berserker on Apr 15, 2015.
             Was a High Priest of Trog.
             Sank and fell apart
             ... on level 6 of the Lair of Beasts.
             The game lasted 01:24:57 (19999 turns).

Fusha the Brawler (Ghoul Berserker)                Turns: 19999, Time: 01:24:57

Health: 124/124    AC: 19    Str: 28    XL:     14   Next: 32%
Magic:  18/18      EV: 15    Int:  3    God:    Trog [*****.]
Gold:   1771       SH:  0    Dex: 10    Spells: 0 memorised, 13 levels left

rFire  + + .     SeeInvis .       - Unarmed
rCold  . . .     Clarity  .     u - +0 fire dragon armour
rNeg   + + +     SustAb   .     (no shield)
rPois  ∞         Gourm    .     X - +2 helmet
rElec  .         Spirit   .     d - +1 cloak
rCorr  .         Warding  +     (no gloves)
rMut   .         Stasis   .     (no boots)
MR     +....                    w - amulet of warding
Stlth  ..........               g - ring of flight
                                E - +3 ring of protection

@: mighty, very slightly contaminated, rotting, hasted, very quick, somewhat
resistant to hostile enchantments, extremely unstealthy
A: rotting body, claws 1, carnivore 3, cold resistance 1, negative energy
resistance 3, slow healing 1, torment resistance, unbreathing
a: Burn Spellbooks, Trog's Hand, Brothers in Arms, Renounce Religion, Evoke
Flight


You were on level 6 of the Lair of Beasts.
You worshipped Trog.
Trog was extremely pleased with you.
You were not hungry.

You visited 2 branches of the dungeon, and saw 17 of its levels.
You also visited: Ice Cave.

You collected 1771 gold pieces.

Inventory:

Missiles
 A - 7 javelins (quivered)
 P - 5 silver javelins
 T - 3 poisoned javelins
Armour
 d - a +1 cloak (worn)
 u - a +0 fire dragon armour (worn)
 X - a +2 helmet (worn)
Jewellery
 g - a ring of flight (right claw)
 n - a +3 ring of dexterity
 w - an amulet of warding (around neck)
 E - a +3 ring of protection (left claw)
 L - an uncursed ring of teleport control
 M - an uncursed ring of protection from magic
 W - the ring of the Villain {rElec SInv Stlth+}
   (You found it in an ice cave)

   [ring of see invisible]

   It insulates you from electricity.
   It enhances your eyesight.
   It makes you more stealthy.
Magical devices
 b - a wand of disintegration (9)
 o - a wand of fireball (8)
 t - a wand of paralysis (15)
 v - a wand of hasting (2)
 x - a wand of confusion (9)
 y - a wand of cold (4)
 F - a wand of cold (6)
 G - a wand of teleportation (3)
 I - a wand of confusion (13)
 J - a wand of teleportation (1)
 O - a wand of random effects (15)
 Q - a wand of flame (11)
 U - a wand of magic darts (18)
Scrolls
 c - 3 scrolls of teleportation
 e - 7 scrolls of remove curse
 f - 3 scrolls of random uselessness {unknown}
 i - 5 scrolls of fear
 j - 4 scrolls of magic mapping
 l - 8 scrolls of blinking {unknown}
 p - 5 scrolls of enchant weapon {unknown}
 q - a scroll of fog
 s - 4 scrolls of recharging {unknown}
 C - a scroll of immolation {unknown}
 D - a scroll of torment {unknown}
 K - a scroll of brand weapon {unknown}
 Z - 2 scrolls of silence {unknown}
Potions
 h - a potion of haste
 k - 5 potions of restore abilities
 m - 2 potions of poison
 r - a potion of curing
 z - a potion of heal wounds
 B - a potion of invisibility
 R - a potion of cancellation
Books
 H - a book of Callings

   Spells                             Type                      Level
   a - Summon Small Mammal            Summoning                    1
   b - Call Imp                       Summoning                    2
   c - Call Canine Familiar           Summoning                    3
   d - Summon Guardian Golem          Hexes/Summoning              3
   e - Summon Lightning Spire         Summoning/Air                4
   f - Summon Ice Beast               Ice/Summoning                4
   Trog disapproves of the use of such an item.
 S - a book of Alchemy

   Spells                             Type                      Level
   a - Sublimation of Blood           Necromancy                   2
   b - Alistair's Intoxication        Transmutation/Poison         4
   c - Condensation Shield            Ice                          4
   d - Petrify                        Transmutation/Earth          4
   e - Ignite Poison                  Fire/Transmutation           5
   f - Irradiate                      Conjuration/Transmutation    5
   Trog disapproves of the use of such an item.
 V - a book of the Tempests

   Spells                             Type                      Level
   a - Static Discharge               Conjuration/Air              3
   b - Lightning Bolt                 Conjuration/Air              5
   c - Fireball                       Conjuration/Fire             5
   d - Tornado                        Air                          9
   e - Shatter                        Earth                        9
   Trog disapproves of the use of such an item.
Miscellaneous
 Y - a fan of gales
Comestibles
 a - 11 meat rations


   Skills:
 + Level 11.2 Fighting
 - Level 3.0 Throwing
 + Level 8.2 Armour
 * Level 12.1 Dodging
 * Level 15.0 Unarmed Combat
 + Level 7.0 Evocations


You had 13 spell levels left.
You didn't know any spells.

Dungeon Overview and Level Annotations

Branches:
Dungeon (11/15)            Temple (0/1) D:7            Lair (6/8) D:10
 Shoals (0/5) Lair:6        Snake (0/5) Lair:3
  Slime: Lair:6-8       Orc: D:9-12

Altars:
Dithmenos
Elyvilon
Kikubaaqudgha
Okawaru
Sif Muna
Trog
Vehumet
Yredelemnul
Zin
Jiyva

Annotations:
Lair:1 exclusion: oklob plant


Innate Abilities, Weirdness & Mutations

Your body is rotting away.
You thrive on raw meat.
You are immune to poison.
You have sharp fingernails.
You are carnivorous and can eat meat at any time.
Your flesh is cold resistant.
You are immune to negative energy.
You heal slowly when monsters are visible.
You are immune to unholy pain and torment.
You can survive without breathing.


Message History

Okay, then.
Drink which item? (? for menu, Esc to quit)
Okay, then.
Read which item? (? for menu, Esc to quit)
Okay, then.
Evoke which item? (* to show all) (? for menu, Esc to quit)
Okay, then.
Drink which item? (? for menu, Esc to quit)
You feel yourself speed up.
You are very lightly contaminated with residual magic.
You are undead.
You are mighty.
Expiring: You are flying.
You are very lightly contaminated with residual magic.
Your flesh is rotting at the usual pace.
Your actions are hasted.
Your flying speed is very quick.
Your attack speed is above average.
You are somewhat resistant to hostile enchantments.
You feel extremely unstealthy.
You float gracefully downwards.
You fall into the water!
You sink like a stone!
You fall apart...
You die...

##### ###≈≈≈###
###≈≈≈≈≈≈≈###
###≈≈≈≈≈≈≈≈≈≈≈##
##≈≈≈≈≈≈###@≈≈≈≈###
##≈≈≈≈≈≈## ###≈≈≈..##
###≈≈≈≈#### ##≈≈≈..##
##≈≈≈≈≈## #≈≈≈≈..#
#≈≈≈≈### ##≈≈[..# ##≈≈≈##
##≈[==# #≈≈≈## ######
≈≈≈≈###
≈≈≈≈≈≈####################


There were no monsters in sight!

Vanquished Creatures
  Kirke (Lair:5)
  Josephine (Lair:4)
  The ghost of xeno23 the Arsonist, a powerful DgWz (D:11)
  5 hydras
  A tengu warrior (D:11)
  Urug (D:10)
  A hill giant (D:11)
  2 ice statues (IceCv)
  Pikel (D:4)
  A manticore (D:11)
  A griffon (Lair:6)
  8 elephants
  7 black mambas
  A torpor snail (Lair:5)
  4 spiny frogs
  A queen ant (Lair:2)
  6 komodo dragons
  2 fire drakes
  A troll (D:11)
  2 ravens (D:11)
  4 polar bears
  3 blink frogs (Lair:4)
  A two-headed ogre (D:8)
  A snapping turtle (Lair:6)
  5 wraiths (Lair:4)
  4 hippogriffs
  Eustachio (D:4)
  5 humans (Lair:5)
  A hog (Lair:5)
  A hungry ghost (D:8)
  23 yaks
  5 vampire mosquitoes (Lair:3)
  4 wolves (Lair:3)
  Edmund (D:4)
  20 soldier ants
  2 insubstantial wisps (Lair:3)
  6 porcupines
  3 slaves (D:4)
  14 water moccasins
  28 ice beasts
  A black bear (Lair:2)
  3 orc warriors
  2 phantoms
  A swamp drake (Lair:3)
  A necrophage (D:10)
  5 ogres
  5 centaurs
  9 crocodiles
  A boring beetle (Lair:6)
  A big kobold (D:9)
  8 giant frogs
  3 scorpions
  8 killer bees
  16 wights
  The ghost of stickyfingers the Sneak, a weakling TeAs (D:3)
  2 electric eels
  11 hounds
  8 jellies
  A quasit (D:9)
  3 crimson imps
  Crazy Yiuf (D:2)
  A giant frog zombie (D:11)
  4 orc priests
  7 orc wizards
  A giant frog skeleton (D:6)
  5 iguanas
  31 worker ants
  26 sheep
  A hound zombie (D:5)
  A worker ant zombie (D:10)
  10 gnolls
  39 river rats
  7 adders
  A shadow imp (D:8)
  2 oozes
  2 worms
  6 giant geckos
  67 orcs
  A bat skeleton (D:4)
  4 giant cockroaches
  9 hobgoblins
  7 jackals (D:1)
  26 kobolds
  4 quokkas
  4 ball pythons
  20 bats
  A giant gecko zombie (D:10)
  5 giant newts
  2 giant spores
  19 goblins
  A jackal skeleton (D:4)
  A jackal zombie (D:9)
  19 rats
  9 ballistomycetes
614 creatures vanquished.

Vanquished Creatures (collateral kills)
  Gastronok (Lair:1)
  Maud (Lair:4)
  Erolcha (D:10)
  2 ice dragons (IceCv)
  A deep elf fighter (D:10)
  A phantom (D:10)
  A quasit (D:10)
  A worker ant (D:10)
  A river rat (D:10)
  2 rats (D:10)
12 creatures vanquished.

Vanquished Creatures (others)
  A two-headed ogre (D:11)
  A human (Lair:5)
  2 ogres
  An orc (D:4)
  A giant spore (D:10)
  2 fungi
8 creatures vanquished.

Grand Total: 634 creatures vanquished

Notes
Turn   | Place    | Note
--------------------------------------------------------------
     0 | D:1      | Fusha, the Ghoul Berserker, began the quest for the Orb.
     0 | D:1      | Reached XP level 1. HP: 19/19 MP: 0/0
   139 | D:1      | Reached XP level 2. HP: 15/26 MP: 1/1
   274 | D:1      | HP: 1/26 [jackal (1)]
   385 | D:1      | Acquired Trog's second power
   580 | D:1      | Reached XP level 3. HP: 29/31 MP: 2/2
   787 | D:2      | Reached skill level 4 in Unarmed Combat
  1358 | D:2      | Noticed Crazy Yiuf
  1582 | D:3      | Reached XP level 4. HP: 40/40 MP: 3/3
  1680 | D:2      | Killed Crazy Yiuf
  1775 | D:3      | Reached XP level 5. HP: 39/46 MP: 4/4
  1834 | D:3      | Reached skill level 5 in Unarmed Combat
  1921 | D:3      | Found a shadowy altar of Dithmenos.
  2039 | D:3      | Noticed stickyfingers's ghost (weakling TeAs)
  2124 | D:2      | HP: 1/47 [orc/war axe of freezing (2)]
  2211 | D:3      | Killed stickyfingers's ghost
  2211 | D:3      | Reached XP level 6. HP: 51/53 MP: 5/5
  2790 | D:4      | Noticed Eustachio
  2811 | D:4      | Killed Eustachio
  2811 | D:4      | Reached skill level 6 in Unarmed Combat
  3011 | D:4      | Reached XP level 7. HP: 41/60 MP: 6/6
  3060 | D:4      | Found an iron altar of Okawaru.
  3063 | D:4      | Found a glowing silver altar of Zin.
  3066 | D:4      | Found a deep blue altar of Sif Muna.
  3076 | D:4      | Noticed Edmund
  3101 | D:4      | Killed Edmund
  3230 | D:4      | Noticed Pikel
  3264 | D:4      | Killed Pikel
  3264 | D:4      | Reached skill level 5 in Fighting
  3264 | D:4      | Reached skill level 5 in Dodging
  3264 | D:4      | Reached skill level 7 in Unarmed Combat
  3264 | D:4      | Reached XP level 8. HP: 39/69 MP: 7/7
  3806 | D:4      | Noticed a hippogriff
  3819 | D:4      | Killed a hippogriff
  3819 | D:4      | Reached skill level 8 in Unarmed Combat
  3971 | D:5      | Entered Level 5 of the Dungeon
  4380 | D:5      | Found an ancient bone altar of Kikubaaqudgha.
  4659 | D:5      | Reached XP level 9. HP: 61/74 MP: 8/8
  5808 | D:6      | Acquired Trog's third power
  6347 | D:7      | Reached skill level 9 in Unarmed Combat
  6384 | D:7      | Found a staircase to the Ecumenical Temple.
  6548 | D:7      | Reached skill level 5 in Armour
  6612 | D:7      | Found a bloodstained altar of Trog.
  6741 | D:7      | Found a radiant altar of Vehumet.
  7098 | D:8      | Received a gift from Trog
  7126 | D:8      | Reached XP level 10. HP: 68/84 MP: 9/9
  7217 | D:8      | Reached skill level 1 in Evocations
  7347 | D:8      | Found a white marble altar of Elyvilon.
  7912 | D:9      | Reached skill level 1 in Throwing
  8025 | D:9      | Reached skill level 10 in Unarmed Combat
  8714 | D:9      | Found a basalt altar of Yredelemnul.
  8736 | D:10     | Entered Level 10 of the Dungeon
  9173 | D:10     | Noticed Erolcha
  9194 | D:10     | Killed Erolcha
  9218 | D:10     | Found a staircase to the Lair.
  9297 | D:10     | Got a shimmering robe
  9308 | D:10     | Identified the cursed +0 robe of the World {Dex+4} (You found it on level 10 of the Dungeon)
  9391 | D:10     | Reached XP level 11. HP: 94/94 MP: 12/12
  9672 | D:10     | Noticed Urug
  9690 | D:10     | HP: 4/94 [Urug/great mace (33)]
  9691 | D:10     | Killed Urug
  9691 | D:10     | Reached skill level 11 in Unarmed Combat
 10503 | D:11     | Found a viscous altar of Jiyva.
 10513 | D:11     | Noticed xeno23's ghost (powerful DgWz)
 10534 | D:11     | Killed xeno23's ghost
 11387 | D:11     | Noticed a tengu warrior
 11430 | D:11     | Killed a tengu warrior
 11606 | D:11     | Noticed a hill giant
 11621 | D:11     | Killed a hill giant
 12289 | D:11     | Reached skill level 12 in Unarmed Combat
 12552 | Lair:1   | Entered Level 1 of the Lair of Beasts
 12563 | Lair:1   | Reached XP level 12. HP: 47/104 MP: 14/14
 12724 | Lair:1   | Identified a scroll of acquirement
 12726 | Lair:1   | Got an encrusted cloak
 12737 | Lair:1   | Identified the +0 cloak of Pitay {rC++ MR+ Dex-5 Stlth-} (You acquired it on level 1 of the Lair of Beasts)
 13228 | Lair:1   | Noticed Gastronok
 13250 | Lair:1   | Killed Gastronok
 13250 | Lair:1   | Reached skill level 10 in Dodging
 13545 | Lair:1   | Reached skill level 5 in Evocations
 13855 | Lair:2   | Received a gift from Trog
 14018 | Lair:2   | Received a gift from Trog
 14099 | Lair:2   | Reached skill level 13 in Unarmed Combat
 14458 | Lair:3   | Found a frozen archway.
 14542 | IceCv    | Entered an ice cave
 14547 | IceCv    | Reached skill level 10 in Fighting
 14745 | IceCv    | Reached XP level 13. HP: 70/112 MP: 16/16
 15165 | IceCv    | Noticed an ice dragon
 15165 | IceCv    | Noticed an ice dragon
 15178 | IceCv    | Killed an ice dragon
 15195 | IceCv    | Killed an ice dragon
 15263 | IceCv    | Got a faintly glowing iron ring
 15268 | IceCv    | Identified the ring of the Villain {rElec SInv Stlth+} (You found it in an ice cave)
 15459 | Lair:3   | Noticed a seven-headed hydra
 15467 | Lair:3   | Killed a seven-headed hydra
 15542 | Lair:3   | Got a pair of fine gloves
 15548 | Lair:3   | Identified the +0 pair of gloves of Xefokk {Str+2 Dex-2 Slay+3} (You acquired it on level 3 of the Lair of Beasts)
 15654 | Lair:3   | Found a staircase to the Snake Pit.
 15897 | Lair:3   | Noticed a six-headed hydra
 15899 | Lair:3   | Reached skill level 14 in Unarmed Combat
 15908 | Lair:3   | Killed a six-headed hydra
 16509 | Lair:4   | Noticed Maud
 16784 | Lair:4   | Killed Maud
 17034 | Lair:4   | Noticed Josephine
 17162 | Lair:4   | Killed Josephine
 17967 | Lair:5   | Noticed Kirke
 17986 | Lair:5   | Killed Kirke
 18031 | Lair:5   | Got an encrusted buckler
 18236 | Lair:5   | Reached XP level 14. HP: 101/122 MP: 17/17
 18454 | Lair:5   | Received a gift from Trog
 19562 | Lair:6   | Found a staircase to the Shoals.
 19572 | Lair:6   | Reached skill level 15 in Unarmed Combat
 19999 | Lair:6   | Sank and fell apart

Action                   |  1- 3 |  4- 6 |  7- 9 | 10-12 | 13-15 || total
-------------------------+-------+-------+-------+-------+-------++-------
Melee: Unarmed           |   157 |   197 |   457 |  1085 |   635 ||  2531
Throw: Stone             |       |       |     4 |       |       ||     4
       Javelin           |       |       |       |     7 |     4 ||    11
Invok: Trog's Hand       |     1 |     6 |    12 |    22 |     6 ||    47
       Brothers in Arms  |       |       |       |     4 |     4 ||     8
       Burn Spellbooks   |       |       |       |       |     4 ||     4
 Abil: Evoke Flight      |       |       |       |       |     1 ||     1
Evoke: Wand              |       |     1 |     7 |    42 |     1 ||    51
  Use: Potion            |     2 |       |       |     5 |     5 ||    12
       Scroll            |       |       |     8 |    14 |     6 ||    28
 Stab: Sleeping          |     1 |       |       |       |       ||     1
       Confused          |       |       |       |     3 |       ||     3
       Fleeing           |       |       |       |     1 |     1 ||     2
       Distracted        |       |       |       |       |     1 ||     1
  Eat: Chunk             |    14 |     9 |    32 |    78 |    57 ||   190
